 Dungeon Crawl Stone Soup version 0.29-a0-2-g12fcac58f8 (webtiles) character file.

Game seed: 14852850386274166592

5548 mcsnuffy the Spear-Bearer (level 10, -5/85 HPs)
             Began as a Merfolk Gladiator on Jan 26, 2022.
             Was an Initiate of Gozag.
             Killed from afar by an acid dragon (11 damage)
             ... with a splash of acid
             ... on level 9 of the Dungeon.
             The game lasted 00:19:50 (10603 turns).

mcsnuffy the Spear-Bearer (Merfolk Gladiator)      Turns: 10603, Time: 00:19:51

Health: -5/85      AC: 13    Str: 18    XL:     10   Next: 71%
Magic:  0/10       EV: 11    Int:  8    God:    Gozag
Gold:   701        SH:  0    Dex: 16    Spells: 9/9 levels left

rFire   . . .      SeeInvis .   a - +0 trident
rCold   . . .      Faith    .   (no shield)
rNeg    . . .      Spirit   +   g - +0 chain mail
rPois   .          Reflect  .   c - +0 helmet
rElec   .          Harm     .   l - +0 cloak
rCorr   .          Rampage  .   (no gloves)
Will    .....                   B - +0 pair of boots
Stlth   ..........              D - amulet of guardian spirit
HPRegen 0.24/turn               (no ring)
MPRegen 0.12/turn               (no ring)

@: invisible
A: (nimble swimmer 2), mertail
a: Renounce Religion, Potion Petition, Call Merchant, Bribe Branch


You were on level 9 of the Dungeon.
You worshipped Gozag.
Gozag was pleased with you.
You visited 2 branches of the dungeon, and saw 10 of its levels.
You also visited: Ossuary.

You collected 868 gold pieces.
You paid 167 gold pieces to Gozag.


Innate Abilities, Weirdness & Mutations

((You are very nimble when in or above water. (Stealth+, EV+, Speed+++)))
Your lower body shifts to a powerful aquatic tail in water.


   Skills:
 - Level 10.0 Fighting
 - Level 12.0 Polearms
 - Level 2.0 Throwing
 + Level 5.7 Armour
 - Level 10.0 Dodging


You had 9 spell levels left.
You didn't know any spells.
Your spell library contained the following spells:

 Spells                   Type           Power      Damage    Failure   Level
 Animate Skeleton         Necr           0%         N/A       99%         1
 Apportation              Tloc           0%         N/A       99%         1
 Summon Small Mammal      Summ           0%         N/A       99%         1

Inventory:

Hand Weapons
 a - a +0 trident (weapon)
Missiles
 d - 3 throwing nets {=f}
Armour
 c - a +0 helmet (worn)
 g - a +0 chain mail (worn)
 h - a +0 ring mail
 l - a +0 cloak (worn)
 B - a +0 pair of boots (worn)
Jewellery
 D - an amulet of guardian spirit (around neck)
Wands
 o - a wand of flame (18)
 z - a wand of polymorph (18)
 A - a wand of iceblast (8) (quivered)
Scrolls
 f - 7 scrolls of teleportation {@r2}
 i - a scroll of immolation
 n - a scroll of enchant armour {unknown}
 r - a scroll of fog
 s - a scroll of vulnerability {unknown}
 t - a scroll of torment {unknown}
 x - a scroll of blinking {unknown}
 y - a scroll of summoning {unknown}
 C - 2 scrolls of amnesia
Potions
 b - a potion of brilliance {unknown}
 e - a potion of attraction {unknown}
 j - 3 potions of haste {@q3}
 k - 3 potions of curing {@q1}
 m - a potion of heal wounds {@q2}
 p - a potion of resistance {unknown}
 q - a potion of flight {unknown}
 u - a potion of cancellation
 v - a potion of invisibility
 w - a potion of ambrosia {unknown}
 F - a potion of magic {unknown}
 G - a potion of degeneration {unknown}

Dungeon Overview and Level Annotations

Branches:
Dungeon (9/15)             Temple (1/1) D:5            Lair (0/6) D:8
Ossuary (visited)
    Orc: D:9-12

Altars:
Ashenzari
Cheibriados
Dithmenos
Elyvilon
Fedhas
Gozag
Hepliaklqana
Kikubaaqudgha
Makhleb
Ru
Sif Muna
Trog
Uskayaw
Vehumet
Wu Jian
Xom
Yredelemnul
Zin
The Shining One

#.#.# ####.#
#.#.# ..#.#
#.#.# #.#.#
#.#.# ...#
#.#.# ..# #
#.#.#######.#.#
#.......).....#
##..O######.###
###.@.# #+#
#....../..
#........$
#.........
#[...(....
#...D.....
#.........
#......... $


You could see a two-headed ogre and an acid dragon (catching breath).


Message History

The two-headed ogre is lightly wounded.
An orc wizard comes into view. It is wielding a +0 dagger.
The two-headed ogre hits you with a +0 giant club!!
The two-headed ogre hits you with a +0 giant spiked club!
The orc wizard shouts!
You hit the two-headed ogre.
The two-headed ogre is moderately wounded.
The two-headed ogre hits you with a +0 giant club!!
* * * LOW HITPOINT WARNING * * *
The two-headed ogre hits you with a +0 giant spiked club!
* * * LOW HITPOINT WARNING * * *
The orc wizard gestures wildly while chanting.
The orc wizard flickers and vanishes!
Deactivating autopickup; reactivate with Ctrl-A.
Things that are here:
a +0 mace; a +0 flail An acid dragon comes into view.
The acid dragon roars!
Found a wand of flame (6) and 11 gold pieces.
The acid dragon spits acid at you. The splash of acid hits you!!
* * * LOW HITPOINT WARNING * * *
Okay, then.
You fade into invisibility!
The two-headed ogre hits you but does no damage.
The two-headed ogre barely misses you. The acid dragon spits acid at you.
The splash of acid hits you!
You die...
Your body crumbles into a pile of gold.

Skill      XL: |  1  2  3  4  5  6  7  8  9 10 |
---------------+-------------------------------+-----
Polearms       | 5 6 7 8 9 10 12 | 12.0
Fighting       | 4 5 7 10 | 10.0
Dodging        | 7 9 10 | 10.0
Armour         | 5 |  5.7
Throwing       | |  2.0

Action                   |  1- 3 |  4- 6 |  7- 9 | 10-12 || total
-------------------------+-------+-------+-------+-------++-------
Melee: Trident           |   154 |   147 |   621 |   287 ||  1209
       Punch             |     3 |     1 |    10 |     7 ||    21
Evoke: Wand              |       |       |     2 |     3 ||     5
  Use: Scroll            |     1 |     3 |     4 |     2 ||    10
       Potion            |       |       |     1 |     7 ||     8
 Stab: Sleeping          |     1 |       |       |       ||     1
       Distracted        |       |       |       |     1 ||     1
Armor: Leather armour    |    17 |       |       |       ||    17
       Chain mail        |    35 |    61 |   223 |    65 ||   384
Dodge: Dodged            |    61 |    43 |   200 |    95 ||   399

Levels and vault maps discovered:
D:1:      psy_arrival_radial01, layout_rooms
D:2:      layout_rooms, hellmonk_ecumenical_altar_watching_god,
          kennysheep_generic_room_10
D:3:      layout_rooms, lemuel_round_altar, zin_academy,
          guppyfry_early_lair_pool
D:4:      layout_loops_ring
D:5:      layout_rooms, minmay_temple_entry_mini_moons
D:6:      nicolae_whirlpool, layout_rooms, enter_ossuary_1
D:7:      layout_basic, chequers_temple_overflow_minitemple, minmay_ruffians
D:8:      layout_rooms, lair_entry_dummy, lemuel_flamethrower_1,
          uniq_prince_ribbit1
D:9:      layout_basic, mainiacjoe_overflow_brackets, hangedman_feature_mirror,
          hangedman_decor_riveting
Temple:   cyrus_circular_temple

Notes
Turn   | Place    | Note
-------+----------+-------------------------------------------
     0 | D:1      | mcsnuffy the Merfolk Gladiator began the quest for the Orb.
     0 | D:1      | Reached XP level 1. HP: 16/16 MP: 1/1
    60 | D:1      | Reached skill level 5 in Polearms
    83 | D:1      | Reached XP level 2. HP: 20/22 MP: 2/2
   507 | D:1      | Reached skill level 6 in Polearms
   507 | D:1      | Reached XP level 3. HP: 25/27 MP: 3/3
   862 | D:2      | Found a faded altar of an unknown god.
   873 | D:2      | Noticed an eye of devastation
   875 | D:2      | Noticed a golden eye
   997 | D:2      | Noticed a great orb of eyes
  1004 | D:2      | Noticed a floating eye
  1611 | D:2      | Reached skill level 7 in Polearms
  1611 | D:2      | Reached XP level 4. HP: 26/33 MP: 4/4
  1895 | D:3      | Found a glowing golden altar of the Shining One.
  2013 | D:3      | Found a glowing silver altar of Zin.
  2085 | D:4      | Noticed an ice beast
  2098 | D:3      | Killed an ice beast
  2099 | D:3      | Reached skill level 8 in Polearms
  2099 | D:3      | Reached XP level 5. HP: 38/38 MP: 5/5
  2124 | D:3      | Reached skill level 9 in Polearms
  2188 | D:4      | Reached XP level 6. HP: 21/44 MP: 6/6
  2610 | D:4      | Reached skill level 10 in Polearms
  2759 | D:4      | Reached skill level 3 in Fighting
  3043 | D:5      | Entered Level 5 of the Dungeon
  3045 | D:5      | Found a staircase to the Ecumenical Temple.
  3058 | D:5      | Reached skill level 4 in Fighting
  3058 | D:5      | Reached XP level 7. HP: 46/54 MP: 7/7
  3523 | D:5      | Reached skill level 5 in Fighting
  3534 | Temple   | Entered the Ecumenical Temple
  3977 | D:5      | Reached skill level 5 in Dodging
  4085 | D:5      | Reached skill level 6 in Dodging
  4419 | D:6      | Found a sand-covered staircase.
  4427 | Ossuary  | Entered an ossuary
  4666 | Ossuary  | Reached skill level 7 in Dodging
  4666 | Ossuary  | Reached XP level 8. HP: 60/62 MP: 8/8
  4838 | Ossuary  | Reached skill level 8 in Dodging
  5390 | D:6      | Reached skill level 6 in Fighting
  5390 | D:6      | Reached skill level 9 in Dodging
  6102 | D:7      | Reached skill level 7 in Fighting
  6102 | D:7      | Reached XP level 9. HP: 50/72 MP: 9/9
  6112 | D:7      | Reached skill level 10 in Dodging
  6877 | D:7      | Reached skill level 8 in Fighting
  7054 | D:7      | Reached skill level 11 in Polearms
  7651 | D:7      | Reached skill level 12 in Polearms
  7675 | D:7      | Reached skill level 9 in Fighting
  7696 | D:7      | Reached skill level 10 in Fighting
  7696 | D:7      | Reached XP level 10. HP: 20/85 MP: 3/10
  7698 | D:7      | Reached skill level 1 in Armour
  7702 | D:7      | Reached skill level 2 in Armour
  8133 | D:7      | Found a snail-covered altar of Cheibriados.
  8133 | D:7      | Found a bloodstained altar of Trog.
  8141 | D:7      | Found a faded altar of an unknown god.
  8143 | D:7      | Found an opulent altar of Gozag.
  8145 | D:7      | Found an ancient bone altar of Kikubaaqudgha.
  8149 | D:7      | Became a worshipper of Gozag Ym Sagoz the Greedy
  8400 | D:8      | Noticed Prince Ribbit
  8711 | D:8      | Reached skill level 3 in Armour
  8758 | D:8      | Killed Prince Ribbit
  9337 | D:8      | Reached skill level 4 in Armour
  9804 | D:8      | Found a staircase to the Lair.
  9950 | D:9      | Reached skill level 5 in Armour
 10156 | D:9      | Noticed a gargoyle
 10176 | D:9      | HP: 4/85 [gargoyle (10)]
 10187 | D:9      | Killed a gargoyle
 10587 | D:9      | Noticed a two-headed ogre
 10602 | D:9      | HP: 6/85 [acid dragon/splash of acid (20)]
 10603 | D:9      | Killed from afar by an acid dragon

Vanquished Creatures
  A gargoyle (D:9)
  Prince Ribbit (D:8)
  6 humans (D:7)
  5 yaks (D:9)
  A wyvern (D:7)
  A steam dragon (D:8)
  A water moccasin (D:7)
  A hornet zombie (D:8)
  4 ice beasts
  A black bear (D:7)
  A necrophage (D:7)
  An orc warrior (D:7)
  2 centaurs (D:5)
  An ogre (D:7)
  A phantom (D:7)
  A kobold brigand (D:8)
  2 elf zombies (Ossuary)
  A bullfrog (D:7)
  A scorpion (D:4)
  A wyvern skeleton (D:6)
  5 killer bees
  7 wights (D:7)
  A howler monkey (D:8)
  9 centaur zombies
  2 centaur skeletons
  A human zombie (Ossuary)
  4 orc priests
  A bullfrog skeleton (D:5)
  5 iguanas
  6 orc wizards
  A killer bee zombie (D:7)
  2 hound zombies
  A hound skeleton (D:4)
  3 mummies (Ossuary)
  9 adders
  A shadow imp (D:8)
  A white imp (D:5)
  2 ufetubi
  3 adder skeletons
  3 adder zombies (Ossuary)
  3 worms
  4 dart slugs
  24 orcs
  7 bats
  5 endoplasms
  2 giant cockroaches (D:1)
  2 gnoll zombies (Ossuary)
  2 goblins
  8 hobgoblins
  6 jackals
  5 quokkas
  10 ball pythons
  4 frilled lizards (D:2)
  3 goblin zombies (Ossuary)
  A hobgoblin zombie (Ossuary)
  2 jackal zombies (Ossuary)
  7 kobolds
  3 kobold zombies (Ossuary)
  3 orc zombies (Ossuary)
  8 quokka zombies (Ossuary)
  5 rats
  3 rat zombies (Ossuary)
218 creatures vanquished.

Table legend: (Time is in decaauts)
 A = Elapsed time spent in this place.
 B = Non-inter-level travel time spent in this place.
 C = Inter-level travel time spent in this place.
 D = Time resting spent in this place.
 E = Time spent auto-exploring this place.
 F = Levels seen in this place.
 G = Mean time per level.
                   A        B        C        D        E       F      G
               +--------+--------+--------+--------+--------+-----+--------+
         Total |  10370 |   9970 |    400 |   3294 |   4617 |  11 |  942.7 |
       Dungeon |   9521 |   9130 |    391 |   3294 |   4059 |   9 | 1057.9 |
        Temple |    168 |    159 |      9 |      0 |    151 |   1 |  168.0 |
       Ossuary |    680 |    680 |      0 |      0 |    407 |   1 |  680.0 |
               +--------+--------+--------+--------+--------+-----+--------+

Top non-repeatable levels by time:
     D:7: 2660 daAuts
     D:4: 1205 daAuts
     D:5: 996 daAuts
     D:6: 965 daAuts
     D:8: 882 daAuts
     D:2: 870 daAuts
     D:1: 781 daAuts
     D:9: 690 daAuts
 Ossuary: 680 daAuts
     D:3: 469 daAuts
  Temple: 168 daAuts

Table legend:
 A = Non-vault XP
 B = Vault XP
 C = Vault XP percentage of total XP
 D = Non-vault monster count
 E = Vault monster count
 F = Vault count percentage of total count
                 A         B        C        D         E       F
            +---------+---------+-------+---------+---------+-------
      Total |    5895 |    2032 |  25.6 |     171 |      47 |  21.6
            +---------+---------+-------+---------+---------+-------
        D:1 |      44 |       0 |   0.0 |      27 |       0 |   0.0
        D:2 |      45 |       0 |   0.0 |      19 |       0 |   0.0
        D:3 |     217 |       0 |   0.0 |      16 |       0 |   0.0
        D:4 |     256 |       0 |   0.0 |      15 |       0 |   0.0
        D:5 |     537 |       0 |   0.0 |      22 |       0 |   0.0
        D:6 |     538 |       0 |   0.0 |      12 |       0 |   0.0
        D:7 |    1817 |    1193 |  39.6 |      28 |       6 |  17.6
        D:8 |     937 |     251 |  21.1 |      23 |       1 |   4.2
        D:9 |    1504 |       0 |   0.0 |       9 |       0 |   0.0
    Ossuary |       0 |     588 | 100.0 |       0 |      40 | 100.0
            +---------+---------+-------+---------+---------+-------
